TOP OF THE 1ST |
Burlington Bees batting - Pitching for Charleston RiverDogs : RHP Angel Gutierres
|
Pitching: RHP Angel Gutierres
|
|
Batting: LHB Justin Alexander
|
0-0: Called Strike 0-1: Ball 1-1: Ball 2-1: Fly out, F9 (Flyball, 9D, EV 98.1 MPH)
|
Batting: RHB Ryan Munro
|
0-0: Called Strike 0-1: Called Strike 0-2: Foul Ball, location: 2F 0-2: Ball 1-2: Strikes out swinging
|
Batting: RHB Jon Griffin
|
0-0: Called Strike 0-1: Ball 1-1: Ball 2-1: SINGLE (Groundball, 6M, EV 105.6 MPH) (infield hit)
|
Batting: RHB Jonathan Ellis
|
0-0: Ball 1-0: Called Strike 1-1: Ball 2-1: Ball 3-1: Foul Ball, location: 2F 3-2: Fly out, F8 (Flyball, 8LXD, EV 96.2 MPH)
|
Top of the 1st over - 0 runs, 1 hit, 0 errors, 1 left on base; Burlington 0 - Charleston 0 |
BOTTOM OF THE 1ST |
Charleston RiverDogs batting - Pitching for Burlington Bees : RHP Humberto Paniagua
|
Pitching: RHP Humberto Paniagua
|
|
Batting: RHB Jonathan Jelich
|
0-0: Ball 1-0: Bunted foul 1-1: Foul Ball, location: 2F 1-2: Ball 2-2: Ground out 5-3 (Groundball, 56, EV 100.0 MPH)
|
Batting: SHB Victor Ruiz
|
0-0: Ball 1-0: Ball 2-0: Fly out, F7 (Flyball, 78D, EV 100.0 MPH)
|
Batting: SHB Mukhtar Wa'il
|
0-0: Ball 1-0: Ground out 4-3 (Groundball, 4, EV 89.4 MPH)
|
Bottom of the 1st over - 0 runs, 0 hits, 0 errors, 0 left on base; Burlington 0 - Charleston 0 |
TOP OF THE 2ND |
Burlington Bees batting - Pitching for Charleston RiverDogs : RHP Angel Gutierres
|
Batting: RHB Ryuji Ito
|
0-0: Ball 1-0: Fly out, F5 (Popup, 5F, EV 54.4 MPH)
|
Batting: LHB Brett Bugge
|
0-0: Ground out 6-3 (Groundball, 6, EV 87.5 MPH)
|
Pitching: RHP Gabe Torres
|
|
Batting: LHB Griffin Ferris
|
0-0: Called Strike 0-1: Swinging Strike 0-2: Ball 1-2: Ball 2-2: Strikes out looking
|
Top of the 2nd over - 0 runs, 0 hits, 0 errors, 0 left on base; Burlington 0 - Charleston 0 |
BOTTOM OF THE 2ND |
Charleston RiverDogs batting - Pitching for Burlington Bees : RHP Humberto Paniagua
|
Batting: RHB Johannes Gutermuth
|
0-0: Ground out 5-3 (Groundball, 56, EV 86.9 MPH)
|
Batting: RHB Nick Dunton
|
0-0: Called Strike 0-1: Ball 1-1: Ball 2-1: Ball 3-1: Swinging Strike 3-2: Fly out, F7 (Flyball, 7LS, EV 93.8 MPH)
|
Batting: RHB Jordan Barragan
|
0-0: Foul Ball, location: 2F 0-1: Swinging Strike 0-2: Ball 1-2: Foul Ball, location: 2F 1-2: Strikes out swinging
|
Bottom of the 2nd over - 0 runs, 0 hits, 0 errors, 0 left on base; Burlington 0 - Charleston 0 |
TOP OF THE 3RD |
Burlington Bees batting - Pitching for Charleston RiverDogs : RHP Gabe Torres
|
Batting: LHB Edgar van der Meeren
|
0-0: Foul Ball, location: 2F 0-1: Ball 1-1: Called Strike 1-2: Foul Ball, location: 2F 1-2: Foul Ball, location: 2F 1-2: Strikes out swinging
|
Batting: SHB Tim Connell
|
0-0: Ground out 4-3 (Groundball, 4, EV 105.6 MPH)
|
Batting: LHB Justin Alexander
|
0-0: Called Strike 0-1: Foul Ball, location: 2F 0-2: Ground out U3 (Groundball, 34, EV 85.6 MPH)
|
Top of the 3rd over - 0 runs, 0 hits, 0 errors, 0 left on base; Burlington 0 - Charleston 0 |
BOTTOM OF THE 3RD |
Charleston RiverDogs batting - Pitching for Burlington Bees : RHP Humberto Paniagua
|
Batting: RHB Omar Novoa
|
0-0: Called Strike 0-1: SINGLE (Groundball, 6MD, EV 103.1 MPH)
|
Batting: LHB Marty Hafner
|
0-0: Ball 1-0: Swinging Strike 1-1: Ball 2-1: Foul Ball, location: 2F 2-2: Grounds into double play, 5-4-3 (Groundball, 5, EV 88.1 MPH)
|
Batting: RHB Alfredo Razo
|
0-0: Ball 1-0: Ball 2-0: Fly out, F9 (Flyball, 9S, EV 91.9 MPH)
|
Bottom of the 3rd over - 0 runs, 1 hit, 0 errors, 0 left on base; Burlington 0 - Charleston 0 |
TOP OF THE 4TH |
Burlington Bees batting - Pitching for Charleston RiverDogs : RHP Gabe Torres
|
Batting: RHB Ryan Munro
|
0-0: Swinging Strike 0-1: Foul Ball, location: 2F 0-2: Foul Ball, location: 2F 0-2: Ball 1-2: Foul Ball, location: 2F 1-2: Strikes out looking
|
Batting: RHB Jon Griffin
|
0-0: SINGLE (Groundball, 34D, EV 96.9 MPH)
|
Batting: RHB Jonathan Ellis
|
0-0: Ball 1-0: Ball Jon Griffin is caught stealing 2nd base 2-4 2-0: Foul Ball, location: 2F 2-1: DOUBLE (Flyball, 8LXD, EV 108.1 MPH)
|
Batting: RHB Ryuji Ito
|
0-0: Called Strike 0-1: Called Strike 0-2: Foul Ball, location: 2F 0-2: DOUBLE (Flyball, 78D, EV 102.5 MPH) Jonathan Ellis scores
|
Batting: LHB Brett Bugge
|
0-0: Ball 1-0: Called Strike 1-1: Ground out 4-3 (Groundball, 4, EV 91.2 MPH)
|
Top of the 4th over - 1 run, 3 hits, 0 errors, 1 left on base; Burlington 1 - Charleston 0 |
BOTTOM OF THE 4TH |
Charleston RiverDogs batting - Pitching for Burlington Bees : RHP Humberto Paniagua
|
Batting: RHB Jonathan Jelich
|
0-0: Ball 1-0: Called Strike 1-1: Swinging Strike 1-2: Strikes out swinging
|
Batting: SHB Victor Ruiz
|
0-0: Ball 1-0: Called Strike 1-1: Ball 2-1: Foul Ball, location: 2F 2-2: Ball 3-2: Fly out, F7 (Flyball, 78S, EV 90.6 MPH)
|
Batting: SHB Mukhtar Wa'il
|
0-0: Fly out, F8 (Flyball, 78S, EV 87.5 MPH)
|
Bottom of the 4th over - 0 runs, 0 hits, 0 errors, 0 left on base; Burlington 1 - Charleston 0 |
TOP OF THE 5TH |
Burlington Bees batting - Pitching for Charleston RiverDogs : RHP Gabe Torres
|
Batting: LHB Griffin Ferris
|
0-0: Called Strike 0-1: Called Strike 0-2: Ball 1-2: Foul Ball, location: 2F 1-2: Ball 2-2: Foul Ball, location: 2F 2-2: Foul Ball, location: 2F 2-2: Foul Ball, location: 2F 2-2: Foul Ball, location: 2F 2-2: Ball 3-2: Base on Balls
|
Pitching: RHP Harry McCasland
|
|
Batting: LHB Edgar van der Meeren
|
Pickoff Throw to First - Error! E1 Griffin Ferris to second 0-0: Ball 1-0: Foul Ball, location: 2F 1-1: DOUBLE (Groundball, 3L, EV 105.6 MPH) Griffin Ferris scores
|
Batting: SHB Tim Connell
|
0-0: Swinging Strike 0-1: Ground out 6-3 (Groundball, 6, EV 77.5 MPH)
|
Batting: LHB Justin Alexander
|
0-0: Swinging Strike 0-1: Swinging Strike 0-2: Fly out, F8 (Flyball, 8RXD, EV 91.9 MPH) Runner from 2nd tags up, SAFE at 3rd, no throw by CF
|
Batting: RHB Ryan Munro
|
0-0: Ball 1-0: Called Strike 1-1: Called Strike 1-2: Ball 2-2: Ball 3-2: Strikes out swinging
|
Top of the 5th over - 1 run, 1 hit, 1 error, 1 left on base; Burlington 2 - Charleston 0 |
BOTTOM OF THE 5TH |
Charleston RiverDogs batting - Pitching for Burlington Bees : RHP Humberto Paniagua
|
Batting: RHB Johannes Gutermuth
|
0-0: Ball 1-0: Reached via error on a dropped throw from SS, E3 (Groundball, 6, EV 76.9 MPH)
|
Batting: RHB Nick Dunton
|
0-0: Ball 1-0: Ball 2-0: Called Strike 2-1: Ball 3-1: Foul Ball, location: 2F 3-2: Fielders Choice at 2nd, 3-6 (Groundball, 34, EV 86.9 MPH)
|
Batting: RHB Jordan Barragan
|
0-0: Ball 1-0: Fielders Choice at 2nd, 2-6 (Groundball, 2R, EV 67.5 MPH)
|
Batting: RHB Omar Novoa
|
0-0: Ball Jordan Barragan steals 2nd base 1-0: Reached on error, E4 (Groundball, 4, EV 81.2 MPH) Jordan Barragan to third
|
Batting: LHB Marty Hafner
|
0-0: Ball 1-0: Ball 2-0: Called Strike 2-1: Ball 3-1: Base on Balls Omar Novoa to second
|
Pinch Hitting: RHB Matt Crane
|
0-0: Called Strike 0-1: Ball 1-1: SINGLE (Groundball, 6MD, EV 98.8 MPH) Jordan Barragan scores Omar Novoa to third Marty Hafner to second Throwing error, E8 Omar Novoa scores Marty Hafner to third Matt Crane to second
|
Batting: RHB Jonathan Jelich
|
0-0: Ball 1-0: Ball 2-0: Ball 3-0: Base on Balls
|
Batting: SHB Victor Ruiz
|
0-0: Ball 1-0: Ball 2-0: Ball 3-0: Base on Balls Marty Hafner scores Matt Crane to third Jonathan Jelich to second
|
Batting: SHB Mukhtar Wa'il
|
0-0: Ball 1-0: Fly out, F8 (Flyball, 8LD, EV 103.1 MPH)
|
Bottom of the 5th over - 3 runs, 1 hit, 3 errors, 3 left on base; Burlington 2 - Charleston 3 |
TOP OF THE 6TH |
Burlington Bees batting - Pitching for Charleston RiverDogs : RHP Harry McCasland
|
Now in LF: Graham Murphy
|
|
Batting: RHB Jon Griffin
|
0-0: SINGLE (Groundball, 25, EV 66.2 MPH) (infield hit)
|
Batting: RHB Jonathan Ellis
|
0-0: Called Strike 0-1: Ball 1-1: Foul Ball, location: 2F 1-2: Strikes out swinging
|
Batting: RHB Ryuji Ito
|
0-0: Ball 1-0: Foul Ball, location: 2F 1-1: Ball Jon Griffin steals 2nd base 2-1: Ball 3-1: Base on Balls
|
Batting: LHB Brett Bugge
|
0-0: Ball 1-0: Called Strike 1-1: SINGLE (Line Drive, 4D, EV 105.0 MPH) Jon Griffin to third Ryuji Ito to second Runner from 3rd tries for Home, throw by CF and OUT! 8-2
|
Batting: LHB Griffin Ferris
|
0-0: Called Strike 0-1: Swinging Strike 0-2: Ball 1-2: Strikes out swinging
|
Top of the 6th over - 0 runs, 2 hits, 0 errors, 2 left on base; Burlington 2 - Charleston 3 |
BOTTOM OF THE 6TH |
Charleston RiverDogs batting - Pitching for Burlington Bees : RHP Humberto Paniagua
|
Batting: RHB Johannes Gutermuth
|
0-0: Called Strike 0-1: Ball 1-1: Foul Ball, location: 2F 1-2: Strikes out looking
|
Batting: RHB Nick Dunton
|
0-0: Reached on error, E6 (Groundball, 6, EV 84.4 MPH)
|
Batting: RHB Jordan Barragan
|
0-0: Ball 1-0: Fly out, F3 (Popup, 3S, EV 75.6 MPH)
|
Pitching: RHP Troy Ingram
|
|
Batting: RHB Omar Novoa
|
0-0: Called Strike Nick Dunton steals 2nd base 0-1: Ball 1-1: Fly out, F6 (Flyball, 6D, EV 75.6 MPH)
|
Bottom of the 6th over - 0 runs, 0 hits, 1 error, 1 left on base; Burlington 2 - Charleston 3 |
TOP OF THE 7TH |
Burlington Bees batting - Pitching for Charleston RiverDogs : RHP Harry McCasland
|
Pitching: RHP Eddie Aguilar
|
|
Now at 2B: Ben Kidder
|
|
Now at SS: Omar Novoa
|
|
Batting: LHB Edgar van der Meeren
|
0-0: Called Strike 0-1: Foul Ball, location: 2F 0-2: Foul Ball, location: 2F 0-2: Ball 1-2: Foul Ball, location: 2F 1-2: Ball 2-2: Ball 3-2: Foul Ball, location: 2F 3-2: Foul Ball, location: 2F 3-2: Foul Ball, location: 2F 3-2: Fly out, F9 (Flyball, 89S, EV 76.9 MPH)
|
Batting: SHB Tim Connell
|
0-0: Ground out U3 (Groundball, 3, EV 83.1 MPH)
|
Batting: LHB Justin Alexander
|
0-0: Called Strike 0-1: Fly out, F7 (Line Drive, 7D, EV 94.4 MPH)
|
Top of the 7th over - 0 runs, 0 hits, 0 errors, 0 left on base; Burlington 2 - Charleston 3 |
BOTTOM OF THE 7TH |
Charleston RiverDogs batting - Pitching for Burlington Bees : RHP Troy Ingram
|
Batting: LHB Marty Hafner
|
0-0: Ball 1-0: Ball 2-0: Foul Ball, location: 2F 2-1: Foul Ball, location: 2F 2-2: Foul Ball, location: 2F 2-2: Ball 3-2: Foul Ball, location: 2F 3-2: Foul Ball, location: 2F 3-2: SOLO HOME RUN (Flyball, 9LD, EV 95.0 MPH), Distance : 363 ft
|
Batting: RHB Graham Murphy
|
0-0: Ball 1-0: Called Strike 1-1: Foul Ball, location: 2F 1-2: Fly out, F8 (Flyball, 8LXD, EV 91.9 MPH)
|
Batting: RHB Ben Kidder
|
0-0: Ball 1-0: Ball 2-0: Foul Ball, location: 2F 2-1: Swinging Strike 2-2: Foul Ball, location: 2F 2-2: Ball 3-2: Foul Ball, location: 2F 3-2: Strikes out swinging
|
Batting: SHB Victor Ruiz
|
0-0: DOUBLE (Line Drive, 9LS, EV 99.4 MPH)
|
Batting: SHB Mukhtar Wa'il
|
0-0: Swinging Strike 0-1: Called Strike 0-2: Ball 1-2: Foul Ball, location: 2F 1-2: Foul Ball, location: 2F 1-2: Ball 2-2: Ball 3-2: Foul Ball, location: 2F 3-2: Single, Error in OF, E9, batter to second base (Groundball, 4D, EV 105.6 MPH) Victor Ruiz scores
|
Pitching: RHP Kennie Williams
|
|
Batting: RHB Johannes Gutermuth
|
0-0: Ball 1-0: Foul Ball, location: 2F 1-1: Ball 2-1: SINGLE (Line Drive, 34D, EV 95.0 MPH) Mukhtar Wa'il to third
|
Batting: RHB Nick Dunton
|
0-0: Ball 1-0: Ball 2-0: Foul Ball, location: 2F 2-1: Swinging Strike 2-2: Foul Ball, location: 2F 2-2: Ball 3-2: Strikes out swinging
|
Bottom of the 7th over - 2 runs, 4 hits, 1 error, 2 left on base; Burlington 2 - Charleston 5 |
TOP OF THE 8TH |
Burlington Bees batting - Pitching for Charleston RiverDogs : RHP Eddie Aguilar
|
Batting: RHB Ryan Munro
|
0-0: Called Strike 0-1: Swinging Strike 0-2: Ball 1-2: Ball 2-2: Strikes out looking
|
Batting: RHB Jon Griffin
|
0-0: Called Strike 0-1: Ball 1-1: Ball 2-1: Ball 3-1: Ground out 6-3 (Groundball, 56, EV 83.1 MPH)
|
Batting: RHB Jonathan Ellis
|
0-0: Called Strike 0-1: Foul Ball, location: 2F 0-2: SOLO HOME RUN (Flyball, 7LD, EV 97.5 MPH), Distance : 369 ft
|
Batting: RHB Ryuji Ito
|
0-0: Ball 1-0: Ball 2-0: Called Strike 2-1: Ground out U3 (Groundball, 34S, EV 88.1 MPH)
|
Top of the 8th over - 1 run, 1 hit, 0 errors, 0 left on base; Burlington 3 - Charleston 5 |
BOTTOM OF THE 8TH |
Charleston RiverDogs batting - Pitching for Burlington Bees : RHP Kennie Williams
|
Pitching: RHP Cal Abbott
|
|
Batting: RHB Jordan Barragan
|
0-0: Foul Ball, location: 2F 0-1: Ball 1-1: Fly out, F7 (Flyball, 78D, EV 86.9 MPH)
|
Batting: RHB Omar Novoa
|
0-0: Called Strike 0-1: Ball 1-1: Ball 2-1: Ball 3-1: Foul Ball, location: 2F 3-2: Foul Ball, location: 2F 3-2: Ground out U3 (Groundball, 34, EV 81.9 MPH)
|
Batting: LHB Marty Hafner
|
0-0: Reached via error on a dropped throw from SS, E3 (Groundball, 6MS, EV 72.5 MPH)
|
Batting: RHB Graham Murphy
|
0-0: DOUBLE (Line Drive, 78D, EV 110.6 MPH) Marty Hafner to third Runner from 3rd tries for Home, SAFE, no throw by LF
|
Batting: RHB Ben Kidder
|
0-0: Ball 1-0: Called Strike 1-1: Foul Ball, location: 2F 1-2: Strikes out swinging
|
Bottom of the 8th over - 1 run, 1 hit, 1 error, 1 left on base; Burlington 3 - Charleston 6 |
TOP OF THE 9TH |
Burlington Bees batting - Pitching for Charleston RiverDogs : RHP Eddie Aguilar
|
Pitching: RHP Jimmy Williams
|
|
Batting: LHB Brett Bugge
|
0-0: Called Strike 0-1: SINGLE (Groundball, 4MD, EV 110.0 MPH)
|
Batting: LHB Griffin Ferris
|
0-0: Called Strike 0-1: Ball 1-1: Called Strike 1-2: Strikes out swinging
|
Batting: LHB Edgar van der Meeren
|
0-0: Fielders Choice at 2nd, 4-6 (Groundball, 34S, EV 91.2 MPH)
|
Batting: SHB Tim Connell
|
0-0: Fly out, F8 (Flyball, 8RM, EV 78.8 MPH)
|
Top of the 9th over - 0 runs, 1 hit, 0 errors, 1 left on base; Burlington 3 - Charleston 6 |
|